 Dungeon Crawl Stone Soup version 0.20-a0-286-gae82e34 (webtiles) character file.

8755 Junicave the Thaumaturge (level 11, -18/64 HPs)
             Began as a Gargoyle Earth Elementalist on Dec 14, 2016.
             Was a Priest of Vehumet.
             Killed from afar by a fire dragon (37 damage)
             ... with a blast of flame
             ... on level 9 of the Dungeon.
             The game lasted 01:21:16 (21101 turns).

Junicave the Thaumaturge (GrEE)                    Turns: 21101, Time: 01:21:17

Health: -18/64     AC:  9    Str: 13    XL:     11   Next: 35%
Magic:  13/24      EV: 14    Int: 18    God:    Vehumet [***...]
Gold:   162        SH:  0    Dex: 10    Spells: 15/28 levels left

rFire  . . .     SeeInvis .     c - -2 flail (curse)
rCold  . . .     Gourm    .     j - +0 robe {Archmagi}
rNeg   + . .     Faith    .     (no shield)
rPois  ∞         Spirit   .     (no helmet)
rElec  +         Reflect  .     (no cloak)
rCorr  +         Harm     .     (no gloves)
MR     .....                    (no boots)
Stlth  +++.......               E - amulet of magic regeneration
                                h - ring of resist corrosion
                                A - ring of stealth

@: no status effects
A: negative energy resistance 1, electricity resistance, unbreathing,
petrification resistance, rot immunity, AC +7
a: Renounce Religion


You were on level 9 of the Dungeon.
You worshipped Vehumet.
Vehumet was most pleased with you.
You were hungry.

You visited 2 branches of the dungeon, and saw 10 of its levels.

You collected 494 gold pieces.
You spent 332 gold pieces at shops.

Inventory:

Hand Weapons
 c - a cursed -2 flail (weapon)
 w - a +2 flail of draining
 x - the +3 dagger "Giant's Toothpick" {flame, rN+ Stlth+}
   (You found it on level 4 of the Dungeon)

   It has been specially enchanted to burn those struck by it, causing extra
   injury to most foes and up to half again as much damage against particularly
   susceptible opponents.
   It protects you from negative energy.
   It makes you more stealthy.
 T - a +2 mace of crushing
 U - a +0 short sword of speed
Missiles
 b - 247 stones (quivered)
Armour
 j - a +0 robe of the Archmagi (worn)
 Z - a +0 robe of magic resistance
Magical Staves
 G - an uncursed staff of poison
Jewellery
 f - an uncursed amulet of regeneration
 h - a ring of resist corrosion (right hand)
 A - a ring of stealth (left hand)
 E - an amulet of magic regeneration (around neck)
Wands
 k - a wand of disintegration (18/24)
 n - a wand of flame (21/48)
 s - a wand of digging (0/24)
 u - a wand of lightning (5/15)
 K - a wand of disintegration (15/24)
 N - a wand of acid (5/15)
 O - a wand of acid (4/15)
Scrolls
 g - a scroll of remove curse
 i - a scroll of magic mapping {unknown}
 o - 3 scrolls of immolation
 t - 2 scrolls of amnesia
 v - a scroll of identify
 y - a scroll of teleportation {unknown}
 z - 2 scrolls of acquirement {unknown}
 D - a scroll of recharging {unknown}
 H - a scroll of enchant armour {unknown}
 I - 2 scrolls of fear {unknown}
 Q - 2 scrolls of enchant weapon {unknown}
 V - a scroll of torment {unknown}
 W - a scroll of blinking {unknown}
Potions
 a - 4 potions of curing
 l - 2 potions of magic
 p - a potion of berserk rage {unknown}
 r - a potion of might {unknown}
 B - a potion of haste {unknown}
 F - a potion of brilliance {unknown}
 L - a potion of lignification {unknown}
Books
 e - a book of Geomancy

   Spells                             Type                      Level
   a - Sandblast                      Earth                        1
   b - Passwall                       Transmutation/Earth          2
   c - Stone Arrow                    Conjuration/Earth            3
   d - Petrify                        Transmutation/Earth          4
   e - Lee's Rapid Deconstruction     Earth                        5
 M - a book of Changes

   Spells                             Type                      Level
   a - Beastly Appendage              Transmutation                1
   b - Sticks to Snakes               Transmutation                2
   c - Spider Form                    Transmutation/Poison         3
   d - Ice Form                       Ice/Transmutation            4
   e - Blade Hands                    Transmutation                5
 S - a book of Geomancy

   Spells                             Type                      Level
   a - Sandblast                      Earth                        1
   b - Passwall                       Transmutation/Earth          2
   c - Stone Arrow                    Conjuration/Earth            3
   d - Petrify                        Transmutation/Earth          4
   e - Lee's Rapid Deconstruction     Earth                        5
Comestibles
 d - 2 bread rations
 m - 5 meat rations
 q - a beef jerky
 C - a chunk of flesh
 J - 2 slices of pizza


   Skills:
 + Level 6.0 Fighting
 + Level 2.6 Staves
 + Level 4.9 Dodging
 - Level 2.1 Stealth
 * Level 9.3 Spellcasting
 + Level 8.9 Conjurations
   Level 0.7 Transmutations
 * Level 2.1 Fire Magic
 + Level 3.5 Ice Magic
 + Level 9.0 Earth Magic


You had 15 spell levels left.
You knew the following spells:

 Your Spells              Type           Power        Failure   Level  Hunger
a - Sandblast             Erth           ######       1%          1    None
b - Stone Arrow           Conj/Erth      ######       1%          3    None
c - Lee's Rapid Deconstr  Erth           ######....   2%          5    #####..
d - Shock                 Conj/Air       ####         1%          1    None
e - Freeze                Ice            ####         1%          1    None
f - Throw Flame           Conj/Fire      #####.       1%          2    None


Dungeon Overview and Level Annotations

Branches:
Dungeon (9/15)             Temple (1/1) D:4            Lair (0/6) D:9
    Orc: D:9-12

Altars:
Ashenzari
Cheibriados
Dithmenos
Elyvilon
Fedhas
Gozag
Hepliaklqana
Kikubaaqudgha
Makhleb
Nemelex Xobeh
Okawaru
Qazlal
Ru
Sif Muna
Trog
Uskayaw
Vehumet
Xom
Yredelemnul
Zin
The Shining One

Shops:
D:4 [   D:5 =   D:6 [   D:8 }

Annotations:
D:9 Nvm9's ghost, journeyman FoFi


Innate Abilities, Weirdness & Mutations

You are resistant to torment.
Your stone body is resilient. (AC +7)
You are immune to poison.
You resist negative energy. (rN+)
You are resistant to electric shocks. (rElec)
You can survive without breathing.
You are immune to petrification.
You are immune to rotting.


Message History

Confirm with . or Enter, or press ? or * to list all spells.
Aiming: Lee's Rapid Deconstruction
Press: ? - help, Dir - move target cursor You feel a surge of power!
The wall shatters!
The blast of rock fragments hits the fire dragon.
The fire dragon is heavily wounded.
The fire dragon breathes flames at you. The blast of flame misses you.
An orc warrior comes into view. It is wielding a glaive.
The orc warrior moves out of view. 2 orc priests come into view.
The orc warrior shouts!
The orc priest shouts!
The orc warrior hits you from afar with a glaive.
The orc priest hits you with a short sword.
* * * LOW HITPOINT WARNING * * *
The orc priest shouts!
The fire dragon breathes flames at you. The blast of flame hits you!
Ouch! That really hurt!
You die...

#...........#....)...#
#
#...........#........#
#...........#........#
#...........#........#
#...........#........#
#...........'........#
#...........#........#
#...........#........#
#...........#@.......#
#...........#........#
#...........#.o......#
#######.#####.oo.....
#.# #D.......
##.#####........
#....D..........
#.############## #.#


You could see a fire dragon, an orc warrior and 2 orc priests.

Vanquished Creatures
  2 two-headed ogres (D:9)
  A troll (D:9)
  2 hornets
  5 hippogriffs
  10 yaks
  2 hell hounds (D:9)
  2 black bears
  An orc warrior (D:5)
  4 ice beasts
  A phantom (D:9)
  7 ogres
  4 centaurs
  A big kobold (D:9)
  5 bullfrogs
  4 scorpions
  13 wights
  5 crimson imps
  4 jellies
  2 orc priests
  4 hounds
  14 orc wizards
  A bullfrog skeleton (D:8)
  A centaur skeleton (D:9)
  An iguana (Temple)
  Natasha (thrice) (D:3 D:5)
  7 worker ants
  A killer bee zombie (D:8)
  A hound zombie (D:6)
  2 hound skeletons
  A howler monkey zombie (D:5)
  A worker ant zombie (D:8)
  3 gnolls (D:4)
  11 adders
  6 worms
  An adder skeleton (D:9)
  5 dart slugs
  3 leopard geckos
  47 orcs
  12 bats
  3 giant cockroaches
  9 goblins
  16 hobgoblins
  14 jackals
  6 quokkas
  3 ball pythons
  6 frilled lizards
  10 kobolds
  A leopard gecko skeleton (D:8)
  6 rats
  2 fungi (D:7)
276 creatures vanquished.

Vanquished Creatures (others)
  A plant (D:7)
1 creature vanquished.

Grand Total: 277 creatures vanquished

Notes
Turn   | Place    | Note
-------+----------+-------------------------------------------
     0 | D:1      | Junicave the Gargoyle Earth Elementalist began the quest for the Orb.
     0 | D:1      | Reached XP level 1. HP: 10/10 MP: 3/3
   246 | D:1      | Reached XP level 2. HP: 8/15 MP: 5/5
  1141 | D:1      | Reached XP level 3. HP: 19/19 MP: 7/7
  1146 | D:1      | Learned a level 3 spell: Stone Arrow
  1612 | D:2      | Found a shadowy altar of Dithmenos.
  2250 | D:2      | Reached skill level 1 in Conjurations
  2250 | D:2      | Reached XP level 4. HP: 10/24 MP: 2/9
  3612 | D:3      | Reached XP level 5. HP: 10/28 MP: 3/10
  3843 | D:3      | Noticed Natasha
  3850 | D:3      | Killed Natasha
  3986 | D:3      | Found a shadowy altar of Dithmenos.
  4202 | D:3      | Reached XP level 6. HP: 23/32 MP: 9/12
  4399 | D:3      | Reached skill level 5 in Earth Magic
  4474 | D:3      | Found a snail-covered altar of Cheibriados.
  5065 | D:3      | Found a snail-covered altar of Cheibriados.
  5354 | D:3      | Found a shadowy altar of Dithmenos.
  5819 | D:3      | Found a shadowy altar of Dithmenos.
  6179 | D:3      | Found a snail-covered altar of Cheibriados.
  6463 | D:2      | Found a shadowy altar of Dithmenos.
  7111 | D:4      | Found Elilutyk's Armour Emporium.
  7738 | D:4      | Got a pitted dagger
  7739 | D:4      | Identified the cursed +3 dagger "Giant's Toothpick" {flame, rN+ Stlth+} (You found it on level 4 of the Dungeon)
  7838 | D:4      | Found a staircase to the Ecumenical Temple.
  7845 | Temple   | Entered the Ecumenical Temple
  7852 | Temple   | Became a worshipper of Vehumet
  8138 | D:4      | Found a staircase to the Ecumenical Temple.
  8562 | D:4      | Found Elilutyk's Armour Emporium.
  8876 | D:5      | Entered Level 5 of the Dungeon
  8876 | D:5      | Noticed an ice beast
  8888 | D:5      | Killed an ice beast
  8888 | D:5      | Reached skill level 5 in Spellcasting
  8888 | D:5      | Reached XP level 7. HP: 7/36 MP: 10/14
  9199 | D:5      | Learned a level 5 spell: Lee's Rapid Deconstruction
  9408 | D:5      | Found a sparkling altar of Nemelex Xobeh.
  9482 | D:5      | Noticed Natasha
  9490 | D:5      | Killed Natasha
  9604 | D:5      | Found a bloodstained altar of Trog.
  9635 | D:5      | Reached skill level 1 in Fighting
  9747 | D:5      | Noticed Natasha
  9754 | D:5      | Killed Natasha
 10051 | D:5      | Found Sisatip's Jewellery Emporium.
 10143 | D:5      | Reached XP level 8. HP: 44/44 MP: 2/16
 10400 | D:5      | Reached skill level 5 in Conjurations
 10709 | D:5      | Found a bloodstained altar of Trog.
 10932 | D:5      | Found a sparkling altar of Nemelex Xobeh.
 11048 | D:5      | Found Sisatip's Jewellery Emporium.
 11297 | D:6      | Noticed a hornet
 11335 | D:6      | Reached * piety under Vehumet
 11335 | D:6      | Offered knowledge of Shock by Vehumet.
 11376 | D:6      | Killed a hornet
 11670 | D:6      | Noticed a yak
 11681 | D:6      | Reached XP level 9. HP: 44/51 MP: 13/19
 12130 | D:6      | Learned a level 1 spell: Shock
 12165 | D:6      | Found Taafino's Armour Shoppe.
 12268 | D:5      | HP: 1/52 [yak (11)]
 13544 | D:7      | Found a stormy altar of Qazlal.
 13790 | D:7      | Reached XP level 10. HP: 47/58 MP: 15/22
 13796 | D:7      | Reached ** piety under Vehumet
 13796 | D:7      | Offered knowledge of Freeze by Vehumet.
 14421 | D:7      | Reached skill level 5 in Fighting
 14677 | D:7      | Found a stormy altar of Qazlal.
 15367 | D:4      | Bought a +0 robe of the Archmagi for 332 gold pieces
 15523 | D:5      | Found a bloodstained altar of Trog.
 15603 | D:5      | Found a sparkling altar of Nemelex Xobeh.
 15884 | D:5      | Found Sisatip's Jewellery Emporium.
 16154 | D:6      | Found Taafino's Armour Shoppe.
 16559 | D:6      | Found Taafino's Armour Shoppe.
 17142 | D:7      | Found a stormy altar of Qazlal.
 17801 | D:8      | Found an iron altar of Okawaru.
 17801 | D:8      | Found a basalt altar of Yredelemnul.
 17801 | D:8      | Found a snail-covered altar of Cheibriados.
 17802 | D:8      | Found a deep blue altar of Sif Muna.
 17862 | D:8      | Learned a level 1 spell: Freeze
 17994 | D:8      | Reached skill level 1 in Ice Magic
 18386 | D:8      | Found Coffez's Gadget Shop.
 18497 | D:8      | Reached skill level 1 in Staves
 18525 | D:8      | Offered knowledge of Throw Flame by Vehumet.
 18529 | D:8      | Learned a level 2 spell: Throw Flame
 18678 | D:8      | Found an iron altar of Okawaru.
 18678 | D:8      | Found a basalt altar of Yredelemnul.
 18678 | D:8      | Found a deep blue altar of Sif Muna.
 18679 | D:8      | Found a snail-covered altar of Cheibriados.
 18811 | D:8      | Found Coffez's Gadget Shop.
 19567 | D:9      | Found a staircase to the Lair.
 19593 | D:9      | Reached *** piety under Vehumet
 19677 | D:9      | Reached XP level 11. HP: 36/64 MP: 8/24
 19914 | D:9      | Noticed a two-headed ogre
 19914 | D:9      | Noticed Nvm9's ghost (journeyman FoFi)
 20415 | D:9      | Killed a two-headed ogre
 20415 | D:9      | Reached skill level 1 in Fire Magic
 20891 | D:9      | Found a hazy altar of Hepliaklqana.
 20892 | D:9      | Found a shimmering altar of Xom.
 21078 | D:9      | Noticed a fire dragon
 21079 | D:9      | Killed a two-headed ogre
 21101 | D:9      | Killed from afar by a fire dragon

Vault maps used:
D:1:      sevenhm_arrival_forest_fort_large_4
D:2:      nicolae_dithmenos_through_a_glass_darkly
D:3:      lemuel_doored_altar, first_bread, cheibriados_altar_1, uniq_natasha
D:4:      serial_shops, shop
D:5:      nemelex_xobeh_ov_fountains_minmay, serial_shops, shop,
          kennysheep_another_room, trog_hazing_becter
D:6:      serial_shops, shop
D:7:      old_forge, nicolae_qazlal_general_emergency
D:8:      chequers_temple_overflow_statue_of_worship, serial_shops,
          kennysheep_little_box
D:9:      minmay_cornered_nines, regret_index_temple_of_mockery,
          minmay_lair_entry_lava
Temple:   nicolae_temple_no_exploring_needed

Skill      XL: |  1  2  3  4  5  6  7  8  9 10 11 |
---------------+----------------------------------+-----
Earth Magic    | 4 5 6 7 8 9 |  9.0
Spellcasting   | 3 4 5 6 8 9 |  9.3
Conjurations   | 1 2 3 4 5 7 8 |  8.9
Fighting       | 1 3 4 5 6 |  6.0
Dodging        | 2 3 4 |  4.9
Ice Magic      | 3 |  3.5
Staves         | 2 |  2.6
Fire Magic     | 2 |  2.1
Stealth        | |  2.1
Transmutations | |  0.7

Action                   |  1- 3 |  4- 6 |  7- 9 | 10-12 || total
-------------------------+-------+-------+-------+-------++-------
Melee: Short sword       |   111 |    15 |       |       ||   126
       Dagger            |     1 |    57 |    87 |       ||   145
       Unarmed           |     1 |       |       |       ||     1
       Whip              |       |    19 |       |       ||    19
       Mace              |       |    52 |       |       ||    52
       Spear             |       |       |    42 |       ||    42
       Flail             |       |       |     9 |    40 ||    49
 Cast: Sandblast         |    42 |   102 |   105 |    22 ||   271
       Stone Arrow       |       |       |    75 |    59 ||   134
       Shock             |       |       |    32 |    94 ||   126
       Lee's Rapid Decon |       |       |       |    40 ||    40
       Throw Flame       |       |       |       |    34 ||    34
  Use: Scroll            |       |       |     2 |     5 ||     7
       Potion            |       |       |       |     1 ||     1
 Stab: Sleeping          |     7 |     4 |     3 |       ||    14
       Distracted        |     1 |       |       |       ||     1
  Eat: Chunk             |     4 |    17 |    18 |    14 ||    53
       Fruit             |       |     3 |       |     1 ||     4
       Bread ration      |       |       |       |     4 ||     4
Armor: Robe              |    45 |    87 |    62 |    48 ||   242
Dodge: Dodged            |    96 |   123 |   182 |    90 ||   491
